AoeStats
← MandrakePOE

Golden Pit

509162052Analyzed
1v1 RM · 5d ago on Sep 25, 2026· 42m 22s· 2 players
Game mode
Random Map
Map size
Tiny (2 player)
Population
200
Speed
Normal
Resources
Standard
Victory
Conquest
Starting age
Dark Age
Ending age
Imperial Age
RankedLock teamsTeams togetherTeam positionsShared explorationLock speedFull tech treeHidden civsTurbo modeCheats
Victory
Defeat
🇬🇧 Spanish · United Kingdom
378
+7
🇫🇷 Teutons · France
159
-7
Spocky
0:37 Loom
11:39 Feudal Age
13:35 Horse Collar
13:38 Man-at-Arms
14:12 Town Watch
16:08 Wheelbarrow
16:59 Gold Mining
17:27 Double-Bit Axe
20:29 Padded Archer Armor
20:33 Scale Mail Armor
20:24 Fletching
20:45 Forging
26:58 Castle Age
25:49 Scale Barding Armor
25:44 Stone Mining
28:42 Bow Saw
29:06 Leather Archer Armor
31:35 Hand Cart
32:00 Stone Shaft Mining
32:21 Heavy Plow
33:07 Squires
32:27 Pikeman
33:26 Town Patrol
42:37 Imperial Age
MandrakePOE
14:14 Feudal Age
12:30 Loom
18:15 Wheelbarrow
17:26 Town Watch
18:15 Stone Mining
18:15 Gold Mining
18:08 Horse Collar
18:17 Double-Bit Axe
19:13 Fletching
19:51 Town Watch
25:15 Castle Age
25:12 Bloodlines
34:16 Guard Tower
34:21 Murder Holes
34:37 Fortified Wall
34:48 Ballistics
39:35 Imperial Age
38:17 Bow Saw
38:09 Heavy Plow
40:45 Conscription
43:31 Chemistry
Connection lost

Rejoining the realm…

Still unreachable

The connection could not be restored.

Session expired

The server has moved on; the page needs a fresh start.